 Dungeon Crawl Stone Soup version 0.20-a0-463-g5747544 (webtiles) character file.

40567 Nakatomy the Covert (level 13, 0/99 HPs)
             Began as a Demonspawn Fire Elementalist on Jan 10, 2017.
             Was an Initiate of Gozag.
             Slain by a death yak (26 damage)
             ... on level 6 of the Lair of Beasts on Jan 11, 2017.
             The game lasted 01:40:16 (23536 turns).

Nakatomy the Covert (Demonspawn Fire Elementalist) Turns: 23536, Time: 01:40:16

Health: 0/99       AC: 16    Str: 13    XL:     13   Next: 75%
Magic:  20/26      EV: 18    Int: 20    God:    Gozag
Gold:   2886       SH:  0    Dex: 21    Spells: 9/30 levels left

rFire  + . .     SeeInvis .     J - +3 dagger "Ogre's Curse" {elec, rElec}
rCold  + . .     Gourm    .     H - +1 robe of Surprise {Stlth+}
rNeg   + + .     Faith    .     (no shield)
rPois  .         Spirit   .     c - +4 helmet "Noopn" {Int-3 Dex+3 Slay+6}
rElec  +         Reflect  .     i - +1 cloak
rCorr  +         Harm     .     h - +2 pair of gloves
MR     .....                    C - +2 pair of boots of the Armadillo {rF+ rC+ rN+}
Stlth  +++++++++.               n - amulet of rage
                                A - ring of Owaopnor {rN+ Dex+4}
                                O - ring of Vanity {rCorr Str+4}

@: gold aura, hasted, very quick
A: hooves 2, repulsion field 1, clever 1, nightstalker 3, powered by pain 3
a: Potion Petition, Call Merchant, Bribe Branch, Renounce Religion, Evoke
Berserk Rage


You were on level 6 of the Lair of Beasts.
You worshipped Gozag.
Gozag was most pleased with you.
You were not hungry.

You visited 2 branches of the dungeon, and saw 17 of its levels.
You also visited: Ossuary.

You collected 4084 gold pieces.
You spent 1051 gold pieces at shops.
You paid 147 gold pieces to Gozag.

Inventory:

Hand Weapons
 I - the +7 flail of Scorn {flame, *Rage rElec Str+2}
   (You found it on level 5 of the Dungeon)

   It has been specially enchanted to burn those struck by it, causing extra
   injury to most foes and up to half again as much damage against particularly
   susceptible opponents.
   It affects your strength (+2).
   It insulates you from electricity.
   It may make you go berserk in combat.
 J - the +3 dagger "Ogre's Curse" (weapon) {elec, rElec}
   (You bought it in a shop on level 4 of the Dungeon)

   Occasionally, upon striking a foe, it will discharge some electrical energy
   and cause terrible harm.
   It insulates you from electricity.
Armour
 c - the +4 helmet "Noopn" (worn) {Int-3 Dex+3 Slay+6}
   (You bought it in a shop on level 7 of the Dungeon)

   It affects your intelligence (-3).
   It affects your dexterity (+3).
   It affects your accuracy and damage with ranged weapons and melee attacks
   (+6).
 h - a +2 pair of gloves (worn)
 i - a +1 cloak (worn)
 C - the +2 pair of boots of the Armadillo (worn) {rF+ rC+ rN+}
   (You found it on level 5 of the Dungeon)

   It protects you from fire.
   It protects you from cold.
   It protects you from negative energy.
 H - the +1 robe of Surprise (worn) {Stlth+}
   (You found it on level 5 of the Dungeon)

   It makes you more stealthy.
Jewellery
 a - an uncursed ring of protection from magic
 f - an uncursed ring of wizardry
 j - an uncursed ring of wizardry
 n - an amulet of rage (around neck)
 A - the ring of Owaopnor (right hand) {rN+ Dex+4}
   (You found it on level 7 of the Dungeon)

   [ring of positive energy]

   It affects your dexterity (+4).
   It protects you from negative energy.
 K - a +2 ring of protection
 O - the ring of Vanity (left hand) {rCorr Str+4}
   (You found it on level 3 of the Lair of Beasts)

   [ring of resist corrosion]

   It affects your strength (+4).
Wands
 e - a wand of acid (2/15)
 o - a wand of random effects (35/48)
 M - a wand of iceblast (8/15)
 P - a wand of digging (6/24)
Scrolls
 k - 2 scrolls of fog
 x - a scroll of fear {unknown}
 y - 3 scrolls of enchant armour
 B - 3 scrolls of enchant weapon
 F - 3 scrolls of blinking
 G - 2 scrolls of remove curse
 N - 4 scrolls of identify
 U - 5 scrolls of amnesia {unknown}
 W - 3 scrolls of recharging
 X - 5 scrolls of teleportation {unknown}
Potions
 d - 3 potions of cure mutation
 g - 4 potions of might
 q - a potion of haste
 s - 3 potions of curing
 t - 3 potions of lignification
 u - 5 potions of heal wounds
 v - a potion of agility
 w - 4 potions of brilliance
 z - a potion of invisibility
 D - 3 potions of ambrosia
 L - 2 potions of flight
Books
 b - a book of Flames

   Spells                             Type                      Level
   a - Flame Tongue                   Conjuration/Fire             1
   b - Throw Flame                    Conjuration/Fire             2
   c - Conjure Flame                  Conjuration/Fire             3
   d - Inner Flame                    Hexes/Fire                   3
   e - Sticky Flame                   Conjuration/Fire             4
   f - Fireball                       Conjuration/Fire             5
 r - a book of Callings

   Spells                             Type                      Level
   a - Summon Small Mammal            Summoning                    1
   b - Call Imp                       Summoning                    2
   c - Call Canine Familiar           Summoning                    3
   d - Summon Guardian Golem          Hexes/Summoning              3
   e - Summon Lightning Spire         Summoning/Air                4
   f - Summon Ice Beast               Ice/Summoning                4
 R - a book of Beasts

   Spells                             Type                      Level
   a - Summon Butterflies             Summoning                    1
   b - Call Canine Familiar           Summoning                    3
   c - Summon Ice Beast               Ice/Summoning                4
   d - Summon Mana Viper              Hexes/Summoning              5
   e - Summon Hydra                   Summoning                    7
 S - the Catalogue of Fetching Conjuration
   (You found it on level 9 of the Dungeon)

   Spells                             Type                      Level
   a - Corona                         Hexes                        1
   b - Searing Ray                    Conjuration                  2
   c - Ensorcelled Hibernation        Hexes/Ice                    2
   d - Mephitic Cloud                 Conjuration/Poison/Air       3
   e - Irradiate                      Conjuration/Transmutation    5
   f - Iron Shot                      Conjuration/Earth            6
 T - a book of Conjurations

   Spells                             Type                      Level
   a - Magic Dart                     Conjuration                  1
   b - Searing Ray                    Conjuration                  2
   c - Dazzling Spray                 Conjuration/Hexes            3
   d - Fulminant Prism                Conjuration/Hexes            4
   e - Iskenderun's Mystic Blast      Conjuration                  4
   f - Iskenderun's Battlesphere      Conjuration/Charms           5
 Z - a book of Necromancy

   Spells                             Type                      Level
   a - Pain                           Necromancy                   1
   b - Animate Skeleton               Necromancy                   1
   c - Vampiric Draining              Necromancy                   3
   d - Regeneration                   Charms/Necromancy            3
   e - Animate Dead                   Necromancy                   4
   f - Control Undead                 Necromancy                   4
Comestibles
 l - 3 fruits
 m - 6 meat rations
 p - 4 bread rations


   Skills:
 + Level 8.4 Fighting
 - Level 5.8 Short Blades
 - Level 5.0 Dodging
 - Level 10.5 Stealth
 + Level 9.1 Spellcasting
 - Level 3.6 Conjurations
 - Level 10.1 Hexes
 + Level 7.8 Summonings
 - Level 7.3 Fire Magic
 * Level 3.5 Air Magic
 - Level 2.8 Evocations


You had 9 spell levels left.
You knew the following spells:

 Your Spells              Type           Power        Failure   Level  Hunger
a - Flame Tongue          Conj/Fire      ####.        1%          1    None
b - Ensorcelled Hibernat  Hex/Ice        ####..       1%          2    None
c - Conjure Flame         Conj/Fire      ####....     2%          3    None
d - Sticky Flame          Conj/Fire      ####....     10%         4    ###....
e - Throw Flame           Conj/Fire      ####..       1%          2    None
f - Summon Butterflies    Summ           #####...     1%          1    None
g - Summon Ice Beast      Ice/Summ       ###.....     17%         4    ###....
h - Summon Lightning Spi  Summ/Air       ####....     10%         4    ###....


Dungeon Overview and Level Annotations

Branches:
Dungeon (11/15)            Temple (0/1) D:6            Lair (6/6) D:9
 Shoals (0/4) Lair:4        Snake (0/4) Lair:2        Slime (0/5) Lair:5
    Orc (0/2) D:10

Altars:
Dithmenos
Gozag
Nemelex Xobeh
Qazlal
Sif Muna
Trog
Vehumet
Xom
The Shining One
Jiyva

Shops:
D:4 (   D:6 *[   D:7 [=%   D:9 ([

Annotations:
D:1 exclusion: downstairs
D:3 1 runed door, exclusion: downstairs
D:4 Blork the orc
Lair:4 exclusion: 2 oklob plants
Lair:5 exclusions: downstairs and 3 oklob plants


Innate Abilities, Weirdness & Mutations

You have hoof-like feet.
You are surrounded by a mild repulsion field. (EV +2)
You are completely attuned to the shadows.
You are powered by pain.
Your mind is acute. (Int +2)


Message History

Press: ? - help, Shift-Dir - straight line, f/p - death yak
Aim: a death yak (almost dead)
The flame tongue hits the death yak.
The death yak appears unharmed.
The death yak is almost dead.
The death yak gores you.
* * * LOW HITPOINT WARNING * * *
A manticore comes into view.
Casting: Flame Tongue
Confirm with . or Enter, or press ? or * to list all spells.
Aiming: Sticky Flame
Press: ? - help, Shift-Dir - straight line, f/p - death yak
Aim: a death yak (almost dead)
Okay, then.
Unknown command.
Unknown command.
Okay, then.
Unknown command.
You feel yourself speed up. The death yak gores you!!
You die...
Your body crumbles into a pile of gold.

.........Y............
#####.###..Y.t.#......
###.####.Y.Y........#
#.....##..#.........
##......#...........
+......##H.........
#####.###h........
###.###YYY......
+.....@#.....#.
#......#...##. $
##.....#.....
#######.......
###.........
............
............
............
.P###.#..PP#


You could see 2 death yaks, a manticore, a polar bear and a yak.

Vanquished Creatures
  An entropy weaver (Lair:4)
  Josephine (Lair:4)
  Erolcha (D:9)
  6 hydras
  4 death yaks (Lair:6)
  A queen ant (Lair:4)
  Nergalle (D:10)
  Sonja (Lair:1)
  Pikel (D:9)
  A cyclops (D:10)
  The ghost of vogonpoet the Carver, a novice DsNe of Okawaru (D:7)
  2 centaur zombies (D:10)
  14 elephants
  4 spiny frogs
  A gargoyle (D:10)
  3 black mambas
  4 rime drakes
  5 komodo dragons
  3 polar bears
  2 hornets (D:10)
  A blink frog (Lair:4)
  5 hippogriffs
  4 wraiths (Lair:4)
  3 wyverns
  29 yaks
  3 basilisks
  18 soldier ants
  10 water moccasins
  Duvessa (D:7)
  7 porcupines
  A sky beast (D:9)
  5 phantoms
  6 orc warriors
  An ice beast (D:5)
  An eye of draining (D:9)
  4 black bears
  4 slaves (D:9)
  4 ogres
  4 centaurs
  A big kobold (D:10)
  13 crocodiles
  16 bullfrogs
  Dowan (D:7)
  7 killer bees
  9 howler monkeys
  2 electric eels
  2 crimson imps (D:10)
  A bullfrog zombie (D:9)
  2 bullfrog skeletons
  A hound (D:5)
  3 jellies
  A gnoll shaman (D:10)
  6 orc priests
  Ijyb (D:3)
  4 hell rats (Lair:6)
  2 iguanas
  Natasha (thrice) (D:2)
  3 orc wizards
  32 worker ants
  2 big kobold zombies (Ossuary)
  A hound zombie (D:9)
  A hound skeleton (D:7)
  8 mummies (Ossuary)
  2 worker ant zombies
  13 adders
  4 gnolls (D:10)
  2 howler monkey skeletons
  3 river rats (Lair:6)
  2 shadow imps
  An ooze (D:4)
  2 adder zombies
  4 worms
  2 dart slugs
  3 leopard geckos
  46 orcs
  A ball python (D:1)
  11 bats
  7 giant cockroaches
  A gnoll zombie (Ossuary)
  13 goblins
  6 hobgoblins
  13 jackals
  9 quokkas
  6 frilled lizards
  A hobgoblin zombie (Ossuary)
  A jackal skeleton (D:5)
  2 jackal zombies
  14 kobolds
  A kobold zombie (Ossuary)
  A leopard gecko zombie (D:7)
  3 orc zombies (Ossuary)
  9 rats
  A fungus (D:3)
474 creatures vanquished.

Vanquished Creatures (others)
  A bush (Lair:1)
  18 fungi
  12 plants
31 creatures vanquished.

Grand Total: 505 creatures vanquished

Notes
Turn   | Place    | Note
-------+----------+-------------------------------------------
     0 | D:1      | Nakatomy the Demonspawn Fire Elementalist began the quest for the Orb.
     0 | D:1      | Reached XP level 1. HP: 13/13 MP: 3/3
   328 | D:1      | Gained mutation: You have large cloven feet. [demonic ancestry]
   328 | D:1      | Reached XP level 2. HP: 19/19 MP: 3/5
   543 | D:1      | Learned a level 2 spell: Throw Flame
  1075 | D:1      | Gained mutation: You sometimes gain a little power by taking damage. [demonic ancestry]
  1075 | D:1      | Reached XP level 3. HP: 16/24 MP: 0/6
  1216 | D:1      | Learned a level 3 spell: Conjure Flame
  1330 | D:2      | Noticed Natasha
  1339 | D:2      | Killed Natasha
  1432 | D:2      | Noticed Natasha
  1439 | D:2      | Killed Natasha
  1439 | D:2      | Gained mutation: You are surrounded by a mild repulsion field. (EV +2) [demonic ancestry]
  1439 | D:2      | Reached XP level 4. HP: 30/30 MP: 2/8
  1793 | D:2      | Noticed Natasha
  1805 | D:2      | Killed Natasha
  1805 | D:2      | Gained mutation: You sometimes gain power by taking damage. [demonic ancestry]
  1805 | D:2      | Reached XP level 5. HP: 35/35 MP: 6/9
  2145 | D:2      | Learned a level 4 spell: Sticky Flame
  2662 | D:3      | Noticed Ijyb
  2681 | D:3      | Killed Ijyb
  3441 | D:3      | Found a runed door.
  3490 | D:3      | Reached XP level 6. HP: 41/41 MP: 1/11
  3941 | D:4      | Noticed Blork the orc
  4388 | D:4      | Reached skill level 5 in Fire Magic
  4728 | D:4      | Found Ihumem's Antique Weapon Shoppe.
  4782 | D:4      | Gained mutation: You are slightly more attuned to the shadows. [demonic ancestry]
  4782 | D:4      | Reached XP level 7. HP: 46/46 MP: 10/13
  4792 | D:4      | Found a sparkling altar of Nemelex Xobeh.
  4875 | D:5      | Entered Level 5 of the Dungeon
  5030 | D:5      | Got a pair of bloodstained boots
  5036 | D:5      | Identified the +2 pair of boots of the Armadillo {rF+ rC+ rN+} (You found it on level 5 of the Dungeon)
  5467 | D:5      | Found a sand-covered staircase.
  5473 | Ossuary  | Entered an ossuary
  6118 | Ossuary  | Reached skill level 5 in Spellcasting
  6270 | D:5      | Gained mutation: You are significantly more attuned to the shadows. [demonic ancestry]
  6270 | D:5      | Reached XP level 8. HP: 48/52 MP: 2/15
  6848 | D:5      | Found a shimmering altar of Xom.
  6882 | D:5      | Got a shimmering robe
  6893 | D:5      | Identified the +1 robe of Surprise {Stlth+} (You found it on level 5 of the Dungeon)
  6927 | D:5      | Got a slimy flail
  6928 | D:5      | Identified the +7 flail of Scorn {flame, *Rage rElec Str+2} (You found it on level 5 of the Dungeon)
  6963 | D:4      | Bought a dazzling dagger for 182 gold pieces
  6963 | D:4      | Identified the +3 dagger "Ogre's Curse" {elec, rElec} (You bought it in a shop on level 4 of the Dungeon)
  7125 | D:6      | Found Seschuwn's General Store.
  7185 | D:6      | Found an opulent altar of Gozag.
  7187 | D:6      | Found a stormy altar of Qazlal.
  7189 | D:6      | Found a bloodstained altar of Trog.
  7193 | D:6      | Became a worshipper of Gozag Ym Sagoz the Greedy
  7313 | D:6      | Found a glowing golden altar of the Shining One.
  7776 | D:6      | Reached skill level 5 in Stealth
  7891 | D:6      | Found a staircase to the Ecumenical Temple.
  7896 | D:6      | Found Ynourhaw's Antique Armour Emporium.
  8053 | D:7      | Found Teifo's Food Shoppe.
  8058 | D:7      | Bought a slice of pizza for 19 gold pieces
  8058 | D:7      | Bought a beef jerky for 19 gold pieces
  8058 | D:7      | Bought a beef jerky for 19 gold pieces
  8058 | D:7      | Bought a slice of pizza for 19 gold pieces
  8165 | D:7      | Got a pitted steel ring
  8167 | D:7      | Identified the ring of Owaopnor {rN+ Dex+4} (You found it on level 7 of the Dungeon)
  8216 | D:7      | Gained mutation: You are completely attuned to the shadows. [demonic ancestry]
  8216 | D:7      | Reached XP level 9. HP: 57/57 MP: 17/17
  8264 | D:7      | Noticed Duvessa
  8266 | D:7      | Noticed Dowan
  8268 | D:7      | Killed Duvessa
  8274 | D:7      | Killed Dowan
  8449 | D:7      | Got a smoking leather armour
  8460 | D:7      | Identified the cursed +1 leather armour of Youthful Indiscretion {Str+5 Int+4 Dex+4} (You found it on level 7 of the Dungeon)
  8556 | D:7      | Found Pagh's Armour Shop.
  8586 | D:7      | Noticed vogonpoet's ghost (novice DsNe)
  8629 | D:7      | Killed vogonpoet's ghost
  8821 | D:7      | Found a radiant altar of Vehumet.
  9245 | D:7      | Found Aschoicu's Jewellery Emporium.
  9405 | D:8      | Reached skill level 1 in Short Blades
 10623 | D:9      | Noticed Erolcha
 10641 | D:9      | Paralysed by Erolcha for 4 turns
 10647 | D:9      | Killed Erolcha
 10647 | D:9      | Reached XP level 10. HP: 36/63 MP: 8/19
 10930 | D:9      | Found Ullode's Armour Boutique.
 10932 | D:9      | Identified the Catalogue of Fetching Conjuration
 10937 | D:9      | Learned a level 2 spell: Ensorcelled Hibernation
 11009 | D:9      | Noticed Pikel
 11130 | D:9      | Killed Pikel
 11130 | D:9      | Reached skill level 1 in Hexes
 11224 | D:9      | Found a deep blue altar of Sif Muna.
 11823 | D:9      | Found a shadowy altar of Dithmenos.
 11846 | D:9      | Found Becvyisa's Weapon Shoppe.
 12314 | D:9      | Found a staircase to the Lair.
 12427 | D:10     | Entered Level 10 of the Dungeon
 12622 | D:10     | Noticed a cyclops
 12639 | D:10     | Killed a cyclops
 12949 | D:10     | Gained mutation: You are powered by pain. [demonic ancestry]
 12949 | D:10     | Reached XP level 11. HP: 68/68 MP: 22/22
 12962 | D:10     | Reached skill level 5 in Hexes
 13097 | D:10     | Reached skill level 10 in Stealth
 13361 | D:10     | Found a staircase to the Orcish Mines.
 13529 | D:10     | Noticed Nergalle
 13562 | D:10     | Killed Nergalle
 13645 | D:10     | Reached skill level 5 in Short Blades
 14381 | Lair:1   | Entered Level 1 of the Lair of Beasts
 14627 | Lair:1   | Noticed Sonja
 14631 | Lair:1   | Killed Sonja
 14864 | D:7      | Bought the +4 helmet "Noopn" {Int-3 Dex+3 Slay+6} for 793 gold pieces
 15302 | Lair:1   | Noticed a four-headed hydra
 15352 | Lair:1   | Killed a four-headed hydra
 15698 | Lair:1   | Reached skill level 1 in Fighting
 15961 | Lair:2   | Upgraded the game from 0.20-a0-455-gc3b7d50 to 0.20-a0-463-g5747544
 16075 | Lair:2   | Found a staircase to the Snake Pit.
 16244 | Lair:2   | Reached XP level 12. HP: 78/78 MP: 24/24
 16874 | Lair:3   | Learned a level 1 spell: Summon Butterflies
 17078 | Lair:3   | Learned a level 4 spell: Summon Ice Beast
 17178 | Lair:2   | Reached skill level 1 in Summonings
 17521 | Lair:3   | Reached skill level 5 in Dodging
 17707 | Lair:3   | Got a fine bone ring
 18111 | Lair:4   | Noticed a seven-headed hydra
 18115 | Lair:4   | Killed a seven-headed hydra
 18170 | Lair:5   | Noticed a six-headed hydra
 18173 | Lair:5   | Killed a six-headed hydra
 18313 | Lair:5   | Reached skill level 5 in Fighting
 18445 | Lair:4   | Noticed an entropy weaver
 18725 | Lair:4   | Noticed an eight-headed hydra
 18735 | Lair:4   | Killed an eight-headed hydra
 18920 | Lair:4   | Identified the ring of Vanity {rCorr Str+4} (You found it on level 3 of the Lair of Beasts)
 18950 | Lair:4   | Gained mutation: Your mind is acute. (Int +2) [potion of beneficial mutation]
 18951 | Lair:4   | Gained mutation: You have hoof-like feet. [potion of beneficial mutation]
 19017 | Lair:4   | Noticed Josephine
 19032 | Lair:4   | Reached skill level 5 in Summonings
 19060 | Lair:4   | Killed Josephine
 19060 | Lair:4   | Reached skill level 1 in Evocations
 19136 | Lair:4   | Reached XP level 13. HP: 75/93 MP: 20/25
 19370 | Lair:4   | Found a staircase to the Shoals.
 19580 | Lair:3   | Reached skill level 10 in Hexes
 20285 | Lair:4   | Noticed an entropy weaver
 21128 | Lair:4   | Killed an entropy weaver
 21507 | Lair:4   | Learned a level 4 spell: Summon Lightning Spire
 21920 | Lair:5   | Found a viscous altar of Jiyva.
 21920 | Lair:5   | Found a staircase to the Slime Pits.
 22053 | Lair:5   | Reached skill level 1 in Air Magic
 23062 | Lair:6   | Entered Level 6 of the Lair of Beasts
 23536 | Lair:6   | Slain by a death yak

Vault maps used:
D:1:      co_arrival_random_square_maze
D:2:      first_bread, uniq_natasha
D:3:      serial_park_tiny_pond, corexii_shack, uniq_iyjb,
          uniq_crazy_yiuf_cottage
D:4:      kennysheep_mini_moat, serial_shops, shop, uniq_blork_the_orc
D:5:      nicolae_overflow_hidden_temple, nicolae_ossuary_entry_plus,
          kennysheep_pointless_box
D:6:      gammafunk_temple_overflow_forgotten, nicolae_tso_swordbearing_angel,
          serial_shops, shop, shop, kennysheep_generic_room_11
D:7:      vehumet_altar_wand_db, serial_shops, nicolae_shop_statue_plus,
          shop_fountains, shop, uniq_duvessa
D:9:      kennysheep_little_box, lemuel_blue_sif_altar, david_lair_shrubbed,
          serial_shops, shop, nicolae_shop_competitors_out_of_business,
          uniq_erolcha, uniq_pikel
D:10:     david_orc_4, grunt_ogre_cave, lightli_minifort, uniq_nergalle
D:11:     kennysheep_potato, uniq_maurice
Lair:1:   minivault_24, beast_lair_carwin_5, uniq_sonja
Lair:2:   dummy_snake_entry, serial_bayou_lake_a, grunt_megastairs_5,
          lemuel_fruit_tree
Lair:3:   gammafunk_lair_bear_cave
Lair:4:   shoals_dummy_entry, zaba_anthell, minmay_lair_oklob_chamber,
          uniq_josephine
Lair:5:   slime_altar_1, dpeg_oklob_1, grunt_megastairs_4, serial_bayou_shore_b
Lair:6:   evilmike_catoblepas_cave, kennysheep_abandoned_house,
          lemuel_fruit_fields, lemuel_fruit_fields
Ossuary:  ossuary_tomb_3

Skill      XL: |  1  2  3  4  5  6  7  8  9 10 11 12 13 |
---------------+----------------------------------------+-----
Fire Magic     | 3 4 5 6 7 |  7.3
Spellcasting   | 3 4 5 6 7 8 9 |  9.1
Dodging        | 2 3 4 5 |  5.0
Conjurations   | 2 3 |  3.6
Stealth        | 2 6 9 10 | 10.5
Short Blades   | 3 4 5 |  5.8
Hexes          | 4 8 9 10 | 10.1
Fighting       | 2 6 8 |  8.4
Summonings     | 5 7 |  7.8
Evocations     | 1 2 |  2.8
Air Magic      | 3 |  3.5

Action                   |  1- 3 |  4- 6 |  7- 9 | 10-12 | 13-15 || total
-------------------------+-------+-------+-------+-------+-------++-------
Melee: Unarmed           |     2 |       |       |       |       ||     2
       Short sword       |     9 |    32 |    20 |       |       ||    61
       Kick              |     2 |    12 |       |       |       ||    14
       Dagger            |       |       |    86 |   369 |   263 ||   718
 Cast: Flame Tongue      |    45 |   164 |   211 |    59 |    19 ||   498
       Throw Flame       |     1 |     5 |    10 |       |       ||    16
       Sticky Flame      |       |     5 |    22 |    11 |    10 ||    48
       Conjure Flame     |       |     5 |     6 |     4 |     7 ||    22
       Ensorcelled Hiber |       |       |       |   153 |    41 ||   194
       Summon Butterflie |       |       |       |     1 |       ||     1
       Summon Lightning  |       |       |       |       |     2 ||     2
Evoke: Wand              |       |       |       |     1 |       ||     1
  Use: Scroll            |       |     5 |     8 |     9 |       ||    22
       Potion            |       |       |       |     3 |     3 ||     6
 Stab: Sleeping          |       |       |    27 |   121 |    26 ||   174
       Distracted        |       |       |     2 |     8 |     3 ||    13
  Eat: Bread ration      |     1 |       |     1 |     2 |     1 ||     5
       Chunk             |       |     9 |     8 |     2 |       ||    19
       Pizza             |       |       |     3 |       |     3 ||     6
       Fruit             |       |       |     4 |    12 |       ||    16
       Beef jerky        |       |       |     2 |     9 |     1 ||    12
Armor: Robe              |     5 |    18 |    40 |   111 |    64 ||   238
       Skin              |       |       |       |       |     7 ||     7
Dodge: Dodged            |    16 |    68 |   123 |   265 |   184 ||   656
